 Dungeon Crawl Stone Soup version 0.30-b1-2-g02819fbbbe (webtiles) character file.

Game seed: 5339869586706321805

210 KuroJack the Chopper (level 5, 0/46 HPs)
             Began as a Minotaur Berserker on Sept 27, 2023.
             Was a Believer of Trog.
             Killed from afar by Maggie (18 damage)
             ... with a bolt of fire
             ... on level 6 of the Dungeon.
             The game lasted 00:29:44 (3301 turns).

KuroJack the Chopper (Minotaur Berserker)           Turns: 3301, Time: 00:29:46

Health: 0/46       AC: 15    Str: 23      XL:     5   Next: 56%
Magic:  4/4        EV:  7    Int:  3 (4)  God:    Trog [**....]
Gold:   198        SH:  0    Dex:  9 (10) Spells: 4/4 levels left

rFire   . . .        a - +0 hand axe
rCold   . . .        (no shield)
rNeg    . . .        p - +1 plate armour
rPois   .            (helmet restricted)
rElec   .            e - +2 cloak
rCorr   .            (no gloves)
SInv    .            (no boots)
Will    +....        (no amulet) Stlth
                     q - ring of willpower
HPRegen 0.27/turn    (no ring)
MPRegen 0.09/turn

%: no passive effects
@: mesmerised
A: horns 2, retaliatory headbutt
a: Renounce Religion, Berserk, Trog's Hand


You were on level 6 of the Dungeon.
You worshipped Trog.
Trog was pleased with you.
You visited 1 branch of the dungeon, and saw 5 of its levels.

You collected 198 gold pieces.

Inventory:

Hand Weapons
 a - a +0 hand axe (weapon)
 c - a +0 club
 g - a +0 sling
 l - a +2 rapier of venom
Missiles
 d - 12 poisoned darts
Armour
 b - a +0 animal skin
 e - a +2 cloak (worn)
 k - a +0 ring mail
 p - a +1 plate armour (worn)
Jewellery
 q - a ring of willpower (left hand)
Scrolls
 h - 6 scrolls of identify
 n - a scroll of teleportation
 s - a scroll of vulnerability {unknown}
Potions
 f - 3 potions of curing {unknown}
 i - a potion of cancellation
 j - a potion of haste {unknown}
 m - a potion of berserk rage {unknown}
 o - a potion of heal wounds {unknown}
 r - a potion of magic {unknown}


   Skills:
 - Level 3.7 Fighting
 + Level 7.5 Axes
 - Level 2.5 Armour
 - Level 2.3 Dodging


You had 4 spell levels left.
You didn't know any spells.
Your spell library contained the following spells:

 Spells                   Type           Power      Damage    Failure   Level
 Slow                     Hex            0%         N/A       100%        1
 Call Canine Familiar     Summ           0%         N/A       100%        3
 Confusing Touch          Hex            0%         N/A       100%        3
 Portal Projectile        Hex/Tloc       0%         N/A       100%        3
 Vampiric Draining        Necr           0%         2d6       100%        3
 Leda's Liquefaction      Hex/Erth       0%         N/A       100%        4


Dungeon Overview and Level Annotations

Branches:
Dungeon (4/15)
 Temple: D:4-7

Altars:
Cheibriados
Trog
Wu Jian
Yredelemnul

Annotations:
D:3 2 transporters
D:6 Maggie


Innate Abilities, Weirdness & Mutations

You have a pair of horns on your head.
You reflexively headbutt those who attack you in melee.


Message History

You hit the sky beast.
The sky beast is moderately wounded.
You hit Maggie.
The sky beast hits you but does no damage.
Maggie hits you with a +0 long sword.
You are too injured to fight recklessly!
You slash the sky beast!
The sky beast is heavily wounded.
You barely miss Maggie.
The sky beast hits you but does no damage.
Maggie closely misses you.
You cannot move away from Maggie!
You hit the sky beast but do no damage. Your headbutt misses the sky beast.
The sky beast is heavily wounded.
You hit Maggie.
The sky beast hits you but does no damage.
Maggie hits you with a +0 long sword.
You cannot move away from Maggie!
You barely miss the sky beast.
The sky beast is heavily wounded.
You barely miss Maggie. The sky beast hits you. The sky beast shocks you.
Maggie hits you but does no damage.
You hit the sky beast.
The sky beast is severely wounded.
You barely miss Maggie.
The sky beast hits you but does no damage.
Maggie hits you but does no damage.
You cannot move away from Maggie!
You hit the sky beast but do no damage.
The sky beast is severely wounded.
You hit Maggie.
The sky beast hits you but does no damage.
Maggie hits you with a +0 long sword!
You cannot move away from Maggie!
You slash the sky beast!
The sky beast is almost dead.
You closely miss Maggie. The sky beast barely misses you.
Maggie gestures at you while chanting. The bolt of fire hits you!!
You die...

#..##.......###
###..#......$...#
.....~..........#
##.#.#..........#
................+
##.##(..........##
.................+
##.##.#........@Y#
#.##.#.########@#
#.##.#.# #.# # #.#
#.# #.# #.# #.#
#.#


You could see Maggie (mesmerising) and a sky beast.

Vanquished Creatures
  A water moccasin (D:3)
  An orc wizard (D:4)
  2 adders
  A dart slug (D:1)
  3 orcs (D:4)
  5 endoplasms
  6 goblins
  7 hobgoblins
  6 kobolds
  2 quokkas
  10 ball pythons
  3 bats
  6 frilled lizards
  5 rats
58 creatures vanquished.

Notes
Turn   | Place    | Note
-------+----------+-------------------------------------------
     0 | D:1      | KuroJack the Minotaur Berserker began the quest for the
                  | Orb.
     0 | D:1      | Reached XP level 1. HP: 19/19 MP: 0/0
   158 | D:1      | Reached skill level 4 in Axes
   164 | D:1      | Reached XP level 2. HP: 21/27 MP: 1/1
   381 | D:1      | Found a faded altar of an unknown god.
   709 | D:2      | Reached skill level 5 in Axes
   709 | D:2      | Reached XP level 3. HP: 32/33 MP: 2/2
  1416 | D:2      | Reached ** piety under Trog
  1566 | D:2      | Found an ornate altar of the Wu Jian Council.
  2213 | D:3      | Found a snail-covered altar of Cheibriados.
  2439 | D:3      | Found a transporter.
  2461 | D:3      | Noticed a wight
  2462 | D:3      | Found a transporter.
  2472 | D:3      | Found a basalt altar of Yredelemnul.
  2472 | D:3      | Found a bloodstained altar of Trog.
  2799 | D:3      | Noticed a water moccasin
  2814 | D:3      | Killed a water moccasin
  2815 | D:3      | Reached skill level 7 in Axes
  2815 | D:3      | Reached XP level 4. HP: 34/40 MP: 3/3
  2815 | D:3      | Reached XP level 5. HP: 40/46 MP: 4/4
  3143 | D:4      | You fall into a shaft and drop 2 floors!
  3236 | D:6      | Noticed a sky beast
  3282 | D:6      | Noticed Maggie
  3301 | D:6      | Killed from afar by Maggie

Illustrated notes

Levels and vault maps discovered:
D:1:      dpeg_arrival_tiny_k, layout_basic,
          hellmonk_ecumenical_altar_arch_garden
D:2:      cheibrodos_helix_gallery, layout_loops_corners, basic_altar
D:3:      layout_rooms, nicolae_overflow_crystal_walls,
          gammafunk_temple_overflow_arena, guppyfry_early_lair_pool
D:4:      layout_rooms, lemuel_coloured_pillars_altar,
          gammafunk_ghost_necromancy, columned_hall_lemuel
D:6:      layout_basic, uniq_prince_ribbit1, uniq_edmund, uniq_duvessa,
          uniq_pikel, uniq_maggie

Skill      XL: |  1  2  3 |
---------------+----------+-----
Axes           | 4 5 7 |  7.5
Fighting       | |  3.7
Armour         | |  2.5
Dodging        | |  2.3

Action                     |  1- 3 |  4- 6 || total
---------------------------+-------+-------++-------
  Melee: Hand axe          |    99 |    31 ||   130
         Headbutt          |    14 |     2 ||    16
         Punch             |     1 |       ||     1
    Use: Scroll            |     6 |       ||     6
         Potion            |     1 |     1 ||     2
 Armour: Animal skin       |    26 |       ||    26
         Plate armour      |    25 |    38 ||    63
         Ring mail         |     2 |       ||     2
  Dodge: Dodged            |    57 |    10 ||    67
